 Dungeon Crawl Stone Soup version 0.18-a0-1273-g8ec5f8e (webtiles) character file.

249 namelastname112 the Shooter (level 5, -9/45 HPs)
             Began as a Draconian Hunter on Feb 7, 2016.
             Mangled by namelastname112's ghost (14 damage)
             ... on level 4 of the Dungeon.
             The game lasted 00:03:18 (2256 turns).

namelastname112 the Shooter (Draconian Hunter)      Turns: 2256, Time: 00:03:18

Health: -9/45      AC:  5    Str: 15    XL:     5   Next: 87%
Magic:  5/5        EV: 18    Int: 17    God:
Gold:   118        SH:  0    Dex: 17    Spells: 0 memorised, 4 levels left

rFire  + . .     SeeInvis .     b - +0 short sword
rCold  + . .     Gourm    .     (armour unavailable)
rNeg   . . .     Faith    .     (no shield)
rPois  +         Spirit   .     (helmet restricted)
rElec  +         Dismiss  .     (no cloak)
rCorr  +         Reflect  .     (no gloves)
SustAt .         Harm     .     (no boots)
MR     .....                    (no amulet)
Stlth  +++.......               (no ring)
                                e - -4 ring of strength (curse)

@: mighty, brilliant, agile, resistant, not resistant to hostile enchantments,
fairly stealthy
A: unfitting armour, cold-blooded, AC +5
a: no special abilities


You were on level 4 of the Dungeon.
You were not hungry.

You visited 1 branch of the dungeon, and saw 4 of its levels.

You collected 118 gold pieces.

Inventory:

Hand Weapons
 a - a +1 shortbow
 b - a +0 short sword (weapon)
Missiles
 c - 28 arrows
Jewellery
 e - a cursed -4 ring of strength (left hand)
Wands
 i - a wand of flame (22/48)
Scrolls
 f - a scroll of noise {unknown}
 h - a scroll of random uselessness {unknown}
 j - 2 scrolls of fog {unknown}
 k - 3 scrolls of teleportation {unknown}
 m - a scroll of identify {unknown}
 r - 3 scrolls of remove curse {unknown}
 s - a scroll of immolation {unknown}
 v - a scroll of recharging {unknown}
Books
 u - a book of Beasts

   Spells                             Type                      Level
   a - Summon Butterflies             Summoning                    1
   b - Call Canine Familiar           Summoning                    3
   c - Summon Ice Beast               Ice/Summoning                4
   d - Summon Mana Viper              Hexes/Summoning              5
   e - Summon Hydra                   Summoning                    7
Comestibles
 d - 3 bread rations
 p - 4 fruits
 t - a beef jerky
 w - a meat ration


   Skills:
 + Level 3.6 Fighting
 * Level 5.4 Bows
 + Level 3.1 Dodging
 - Level 0.8 Stealth


You had 4 spell levels left.
You didn't know any spells.

Dungeon Overview and Level Annotations

Branches:
Dungeon (4/15)
 Temple: D:4-7

Altars:

Annotations:
D:4 namelastname112's ghost, amateur DrHu


Innate Abilities, Weirdness & Mutations

Your plain brown scales are hard (AC +5).
Your body does not fit into most forms of armour.
You are cold-blooded and may be slowed by cold attacks.


Message History

Namelastname112's ghost closely misses you.
Drink which item? (? for menu, Esc to quit)
It was a potion of resistance.
You feel protected. Namelastname112's ghost hits you!
* * * LOW HITPOINT WARNING * * *
Namelastname112's ghost closely misses you.
There is an escape hatch in the floor here.
There is a stone staircase leading up here.
You hit namelastname112's ghost.
Namelastname112's ghost is moderately damaged.
Namelastname112's ghost completely misses you.
You closely miss namelastname112's ghost.
Your tail-slap misses namelastname112's ghost.
Namelastname112's ghost is moderately damaged.
Namelastname112's ghost hits you but does no damage.
You barely miss namelastname112's ghost.
Namelastname112's ghost is moderately damaged.
Namelastname112's ghost hits you!
You die...

### ..# #.# #.# #.# #@#
##### ###W######<..####
# #.......##......###
####.#.#.###........((.(
.........# #####.###.###
........## #.# #
####....# ..# #...## ###
.....


You could see namelastname112's ghost.

Vanquished Creatures
  Sigmund (D:3)
  Terence (D:3)
  An adder (D:2)
  An ooze (D:2)
  6 orcs (D:3)
  2 bats
  3 giant cockroaches
  9 hobgoblins
  3 jackals (D:1)
  6 kobolds
  2 ball pythons
  4 giant newts
  5 goblins (D:1)
  5 rats
49 creatures vanquished.

Notes
Turn   | Place    | Note
--------------------------------------------------------------
     0 | D:1      | namelastname112 the Draconian Hunter began the quest for the Orb.
     0 | D:1      | Reached XP level 1. HP: 17/17 MP: 1/1
   100 | D:1      | Reached XP level 2. HP: 4/25 MP: 2/2
   411 | D:1      | Reached skill level 4 in Bows
   702 | D:2      | Found a faded altar to an unknown god.
   787 | D:2      | Reached XP level 3. HP: 2/30 MP: 3/3
  1629 | D:3      | Noticed Sigmund
  1806 | D:3      | Killed Sigmund
  1806 | D:3      | Reached skill level 5 in Bows
  1806 | D:3      | Reached XP level 4. HP: 24/38 MP: 4/4
  1806 | D:3      | Reached XP level 5. HP: 28/45 MP: 5/5
  1987 | D:3      | Noticed Terence
  1995 | D:3      | Killed Terence
  2224 | D:4      | Noticed namelastname112's ghost (amateur DrHu)
  2256 | D:4      | Mangled by namelastname112's ghost

Vault maps used:
D:1:      eino_arrival_cavern_e
D:2:      first_bread, ecumenical_altar_2, wad_floor_pattern_untrapped
D:3:      uniq_sigmund, uniq_terence
D:4:      nicolae_overflow_hidden_temple, nicolae_overflow_quartered_altars,
          minmay_temple_entry_large_hall

Action                   |  1- 3 |  4- 6 || total
-------------------------+-------+-------++-------
Melee: Short sword       |   120 |    35 ||   155
 Fire: Shortbow          |     9 |    13 ||    22
  Use: Potion            |     3 |     5 ||     8
 Stab: Sleeping          |     2 |     1 ||     3
  Eat: Chunk             |     2 |       ||     2
       Meat ration       |     1 |       ||     1
